AoeStats
← 147

MegaRandom

509696537Analyzed
3v3 RM · 5d ago on Sep 27, 2026· 50m 4s· 6 players
Game mode
Random Map
Map size
Normal (6 player)
Population
200
Speed
Normal
Resources
Standard
Victory
Conquest
Starting age
Dark Age
Ending age
Imperial Age
RankedLock teamsTeams togetherTeam positionsShared explorationLock speedFull tech treeHidden civsTurbo modeCheats
Victory
Defeat
🇸🇪 Mongols · Sweden
1052
+18
🇺🇸 Persians · United States
1026
+19
🇲🇽 Vikings · Mexico
1025
+18
🇦🇷 Varangians · Argentina
1211
-24
🇦🇷 Sicilians · Argentina
1084
-18
🇦🇷 Inca · Argentina
959
-13
Tiger333
0:31 Loom
13:16 Feudal Age
17:47 Castle Age
16:10 Double-Bit Axe
16:24 Horse Collar
18:12 Wheelbarrow
20:31 Bow Saw
20:54 Heavy Plow
22:36 Hand Cart
25:40 Town Watch
26:21 Stone Mining
27:35 Fletching
27:55 Forging
28:34 Gold Mining
29:20 Stone Shaft Mining
32:11 Gold Shaft Mining
31:40 Town Patrol
32:28 Husbandry
32:40 Bloodlines
34:03 Kamandaran
37:03 Scale Barding Armor
37:33 Iron Casting
36:54 Bodkin Arrow
37:00 Padded Archer Armor
40:34 Imperial Age
37:48 Crossbowman
38:34 Thumb Ring
39:15 Chain Barding Armor
40:50 Parthian Tactics
43:15 Two-Man Saw
42:55 Crop Rotation
43:24 Plate Barding Armor
43:50 Blast Furnace
43:06 Leather Archer Armor
42:36 Heavy Camel Rider
45:19 Murder Holes
45:37 Masonry
46:28 Chemistry
45:49 Ballistics
45:18 Capped Ram
47:16 Ring Archer Armor
46:33 Siege Ram
47:38 Light Cavalry
Cheo
7:35 Loom
11:30 Feudal Age
11:56 Double-Bit Axe
12:02 Gold Mining
11:53 Horse Collar
14:25 Town Watch
18:53 Castle Age
16:47 Stone Mining
19:47 Bow Saw
19:40 Heavy Plow
19:42 Fletching
22:35 Treadmill Crane
24:26 Bodkin Arrow
27:18 Gold Shaft Mining
27:22 Masonry
27:33 Ballistics
27:09 Murder Holes
33:25 Imperial Age
31:57 Scale Mail Armor
33:13 Squires
32:58 Arson
33:32 Chain Mail Armor
33:27 Forging
34:44 Conscription
35:30 Plate Mail Armor
35:33 Chieftains
37:02 Hoardings
37:48 Two-Man Saw
38:11 Iron Casting
37:37 Bracer
40:27 Blast Furnace
40:04 Crop Rotation
44:41 Elite Berserk
50:30 Caravan
QuitTouchingMe
5:27 Loom
9:16 Feudal Age
12:30 Bloodlines
13:33 Forging
21:21 Castle Age
19:21 Horse Collar
19:52 Double-Bit Axe
22:53 Fletching
23:05 Padded Archer Armor
24:36 Bow Saw
25:47 Wheelbarrow
26:34 Stone Mining
26:49 Bodkin Arrow
27:07 Gold Mining
29:31 Town Watch
31:39 Husbandry
32:36 Heavy Plow
32:53 Leather Archer Armor
35:19 Gold Shaft Mining
37:31 Ballistics
40:40 Imperial Age
38:26 Hand Cart
38:15 Town Patrol
38:28 Masonry
39:21 Stone Shaft Mining
39:01 Scale Barding Armor
38:43 Light Cavalry
40:28 Chain Barding Armor
41:08 Elite Mangudai
42:28 Hoardings
42:03 Bracer
43:56 Chemistry
43:46 Conscription
44:07 Onager
49:11 Drill
48:53 Siege Onager
147
5:12 Loom
10:32 Feudal Age
15:11 Castle Age
22:40 Double-Bit Axe
22:46 Horse Collar
25:04 Wheelbarrow
25:00 Heavy Plow
26:16 Bow Saw
26:25 Town Watch
27:53 Forging
30:13 Squires
30:13 Gambesons
31:40 Fletching
34:40 Town Patrol
35:00 Hand Cart
35:38 Ballistics
35:44 Town Patrol
37:33 Bodkin Arrow
37:41 Padded Archer Armor
37:45 Scale Mail Armor
40:13 First Crusade
41:52 Masonry
41:54 Careening
41:41 Murder Holes
46:13 Imperial Age
44:21 Chain Mail Armor
47:18 Conscription
47:20 Padded Archer Armor
49:05 Chemistry
47:29 Elite Skirmisher
48:42 Leather Archer Armor
SantiSICK7
4:41 Loom
10:01 Feudal Age
10:32 Double-Bit Axe
16:37 Castle Age
16:51 Horse Collar
18:22 Heavy Plow
20:32 Husbandry
23:34 Scale Barding Armor
25:33 Wheelbarrow
25:23 Bloodlines
25:24 Light Cavalry
26:40 Forging
27:01 Gold Mining
27:24 Bow Saw
27:05 Stone Mining
29:02 Chain Barding Armor
30:02 Iron Casting
31:44 Stone Shaft Mining
31:53 Hand Cart
32:39 Squires
35:36 Imperial Age
33:18 Town Watch
34:23 Scale Mail Armor
34:12 Gambesons
35:14 Town Patrol
35:34 Chain Mail Armor
34:41 Pikeman
35:06 Arson
36:03 Heavy Scorpion
36:12 Cavalier
36:19 Halberdier
39:10 Elite Varangian Guard
39:36 Arson
40:23 Plate Mail Armor
41:16 Blast Furnace
41:36 Conscription
44:56 Crop Rotation
45:17 Fletching
45:34 Gothikon
48:12 Man-at-Arms
49:19 Bodkin Arrow
MochiCochi
11:10 Feudal Age
12:54 Double-Bit Axe
12:50 Horse Collar
15:10 Loom
23:21 Castle Age
23:08 Gold Mining
23:34 Forging
23:15 Fletching
24:10 Wheelbarrow
25:45 Heavy Plow
25:55 Bow Saw
28:08 Pikeman
28:49 Squires
29:02 Andean Sling
31:06 Gold Shaft Mining
31:56 Thumb Ring
36:01 Imperial Age
35:36 Hand Cart
35:08 Arson
35:23 Bodkin Arrow
36:07 Stone Mining
37:52 Elite Skirmisher
39:27 Conscription
40:44 Crop Rotation
40:44 Elite Kamayuk
41:53 Fabric Shields
46:49 Halberdier
49:34 Ballistics
48:55 Treadmill Crane
Connection lost

Rejoining the realm…

Still unreachable

The connection could not be restored.

Session expired

The server has moved on; the page needs a fresh start.